 Dungeon Crawl Stone Soup version 0.30-a0-272-gf98c3da03f (webtiles) character file.

Game seed: 2392547972891762624

97 Harunobu the Stinger (level 4, -9/27 HPs)
             Began as an Octopode Venom Mage on Oct 15, 2022.
             Killed by divine providence
             ... invoked by an orc priest
              (12 damage)
             ... on level 3 of the Dungeon.
             The game lasted 00:07:03 (2490 turns).

Harunobu the Stinger (Octopode Venom Mage)          Turns: 2490, Time: 00:07:04

Health: -9/27      AC:  1    Str:  7    XL:     4   Next: 68%
Magic:  3/7        EV: 17    Int: 19    God:
Gold:   127        SH:  0    Dex: 12    Spells: 7/8 levels left

rFire   + . .      SeeInvis .    l - staff of fire
rCold   . . .      Faith    .    (no shield)
rNeg    . . .      Spirit   .    (helmet restricted)
rPois   .          Reflect  .    (no amulet)
rElec   .          Harm     .    f - +4 ring of evasion
rCorr   .          Rampage  .    i - ring of willpower
Will    +....                    (no ring)
Stlth   +++.......               (no ring)
HPRegen 0.24/turn                (no ring)
MPRegen 0.10/turn                (no ring)
                                 (no ring)
                                 (no ring)

@: no status effects
A: almost no armour, amphibious, 8 rings, camouflage 1, gelatinous body 1,
(nimble swimmer 1), tentacles
a: no special abilities


You were on level 3 of the Dungeon.
You visited 1 branch of the dungeon, and saw 3 of its levels.

You collected 127 gold pieces.

Inventory:

Hand Weapons
 n - the +7 mace of Trial by Ordeal {venom, +Blink rElec rCorr Int-5}
   (You found it on level 3 of the Dungeon)

   It poisons the flesh of those it strikes.
   Int:       It affects your intelligence (-5).
   rElec:     It insulates you from electricity.
   +Blink:    It lets you blink.
   rCorr:     It protects you from acid and corrosion.
Magical Staves
 l - a staff of fire (weapon)
Jewellery
 f - a +4 ring of evasion (left tentacle)
 i - a ring of willpower (right tentacle)
Scrolls
 b - 2 scrolls of identify {unknown}
 c - a scroll of amnesia {unknown}
 h - a scroll of immolation {unknown}
 j - a scroll of teleportation {unknown}
 k - a scroll of fear {unknown}
 m - a scroll of vulnerability {unknown}
 o - a scroll of acquirement {unknown}
 p - a scroll of poison {unknown}
Potions
 a - a potion of magic
 d - 3 potions of mutation {unknown}
 e - a potion of haste {unknown}
 g - 2 potions of curing {unknown}


   Skills:
 + Level 2.7 Dodging
 + Level 3.8 Stealth
 + Level 2.5 Spellcasting
 + Level 2.0 Transmutations
 + Level 4.3 Poison Magic


You had 7 spell levels left.
You knew the following spells:

 Your Spells              Type           Power      Damage    Failure   Level
a - Sting                 Tmut/Pois      56%        1d5       4%          1

Your spell library contained the following spells:

 Spells                   Type           Power      Damage    Failure   Level
 Poisonous Vapours        Pois/Air       20%        N/A       10%         2
 Slow                     Hex            8%         N/A       16%         1
 Mephitic Cloud           Conj/Pois/Air  7%         N/A       26%         3
 Olgreb's Toxic Radiance  Pois           19%        N/A       26%         4
 Confusing Touch          Hex            2%         N/A       43%         3
 Gell's Gravitas          Tloc           2%         N/A       43%         3
 Teleport Other           Tloc           2%         N/A       43%         3
 Vampiric Draining        Necr           2%         2d6       43%         3
 Dispersal                Tloc           1%         N/A       100%        6


Dungeon Overview and Level Annotations

Branches:
Dungeon (3/15)

Altars:


Innate Abilities, Weirdness & Mutations

You cannot wear most types of armour.
You are amphibious.
You can wear up to eight rings at the same time.
Your skin changes colour to match your surroundings (Stealth+).
Your rubbery body absorbs attacks. (AC +1, EV +1)
((You are camouflaged when in or above water. (Stealth+)))
You have tentacles for arms and can constrict up to eight enemies at once.


Message History

Press: ? - help, Shift-Dir - straight line, f/p - orc
Aim: an orc, wielding a +0 mace and wearing a +0 ring mail (severely wounded, poisoned, 75% to hit)
The sting hits the orc.
The orc looks even sicker.
You kill the orc!
Casting: Sting (safe; 4% risk of failure)
Confirm with . or Enter, or press ? or * to list all spells.
Aiming: Sting (safe; 4% risk of failure)
Press: ? - help, Shift-Dir - straight line, f - orc
Aim: an orc, wielding a +0 flail (71% to hit)
The sting hits the orc.
The orc is poisoned.
The orc is almost dead.
Casting: Sting (safe; 4% risk of failure)
Confirm with . or Enter, or press ? or * to list all spells.
Aiming: Sting (safe; 4% risk of failure)
Press: ? - help, Shift-Dir - straight line, f/p - orc
Aim: an orc, wielding a +0 flail (almost dead, poisoned, 71% to hit)
The sting misses the orc.
The sting hits the orc priest.
The orc priest is poisoned.
The orc priest is lightly wounded.
You kill the orc!
The orc priest looks encouraged for a moment.
The orc priest looks more healthy.
Casting: Sting (safe; 4% risk of failure)
Confirm with . or Enter, or press ? or * to list all spells.
Aiming: Sting (safe; 4% risk of failure)
Press: ? - help, Shift-Dir - straight line, f - orc priest
Aim: an orc priest, wielding a +0 club (heavily wounded, 71% to hit)
The sting hits the orc priest.
The orc priest is poisoned.
The orc priest is heavily wounded.
The orc priest mumbles some strange prayers to Beogh against you.
Beogh smites you!
The orc priest calls upon Beogh to heal the orc priest.
The orc priest is healed somewhat.
The orc priest calls down the wrath of Beogh upon you.
Beogh smites you!
Ouch! That really hurt!
* * * LOW HITPOINT WARNING * * *
The orc priest calls down the wrath of Beogh upon you.
Beogh smites you!
You die...

#.# #..########
#.# #...)oo....
#.# #..########
#.# ### #.o#
#.###.## #..#
#.##)#.## #[.#
#...###.# #..#####
####.#.####......#
#.@....oo........
#....#########.##
#.#.## # #.#.#
#.#.# #.#.#####
#.#.....#
#.#####.######.#
#.........


You could see 2 orc priests.

Vanquished Creatures
  4 gnolls
  A worm (D:3)
  2 dart slugs
  3 orcs (D:3)
  2 bats (D:2)
  5 endoplasms
  3 giant cockroaches
  3 goblins
  2 hobgoblins
  8 kobolds
  3 quokkas (D:1)
  3 ball pythons
  3 frilled lizards
  6 rats
48 creatures vanquished.

Notes
Turn   | Place    | Note
-------+----------+-------------------------------------------
     0 | D:1      | Harunobu the Octopode Venom Mage began the quest for the
                  | Orb.
     0 | D:1      | Reached XP level 1. HP: 11/11 MP: 3/3
   251 | D:1      | Reached XP level 2. HP: 17/17 MP: 1/5
   735 | D:1      | Reached XP level 3. HP: 21/21 MP: 2/6
   781 | D:1      | Reached skill level 4 in Poison Magic
   978 | D:2      | Found a faded altar of an unknown god.
  1285 | D:1      | Reached XP level 4. HP: 5/27 MP: 1/7
  2188 | D:3      | Identified the +7 mace of Trial by Ordeal {venom, +Blink
                  | rElec rCorr Int-5}
  2192 | D:3      | Identified the +10 plate armour of Starshine {rF+ Will+}
  2490 | D:3      | Killed from afar by an orc priest

Illustrated notes

Levels and vault maps discovered:
D:1:      scummos_arrival_gate, layout_rooms
D:2:      layout_basic, ebering_ecumenical_altar_sacrificial,
          nicolae_eternal_life, guppyfry_early_lair_pool
D:3:      layout_loops_ring

Skill      XL: |  1  2  3  4 |
---------------+-------------+-----
Stealth        | 3 |  3.8
Poison Magic   | 4 |  4.3
Transmutations | 2 |  2.0
Dodging        | |  2.7
Spellcasting   | |  2.5

Action                   |  1- 3 |  4- 6 || total
-------------------------+-------+-------++-------
Melee: Unarmed           |     1 |       ||     1
 Cast: Sting             |    57 |    38 ||    95
Armor: Skin              |     4 |     1 ||     5
Dodge: Dodged            |    36 |    13 ||    49

Table legend: (Time is in decaauts)
 A = Elapsed time spent in this place.
 B = Non-inter-level travel time spent in this place.
 C = Inter-level travel time spent in this place.
 D = Time resting spent in this place.
 E = Time spent auto-exploring this place.
 F = Levels seen in this place.
 G = Mean time per level.
                   A        B        C        D        E       F      G
               +--------+--------+--------+--------+--------+-----+--------+
         Total |   2488 |   2383 |    105 |    820 |    972 |   3 |  829.3 |
       Dungeon |   2488 |   2383 |    105 |    820 |    972 |   3 |  829.3 |
               +--------+--------+--------+--------+--------+-----+--------+

Top non-repeatable levels by time:
     D:2: 1154 daAuts
     D:1: 998 daAuts
     D:3: 335 daAuts
